 Dungeon Crawl Stone Soup version 0.29.1-1-gd02db6906a (webtiles) character file.

Game seed: 1040564870589321264

93 xian the Sneak (level 4, -8/44 HPs)
             Began as a Troll Delver on Oct 6, 2022.
             Killed from afar by Jessica (20 damage)
             ... with a bolt of light
             ... on level 3 of the Dungeon.
             The game lasted 00:04:05 (1063 turns).

xian the Sneak (Troll Delver)                       Turns: 1063, Time: 00:04:06

Health: -8/44      AC:  4    Str: 24    XL:     4   Next: 37%
Magic:  3/3        EV:  8    Int:  6    God:
Gold:   56         SH:  0    Dex: 11    Spells: 3/3 levels left

rFire   x . .      SeeInvis .   e - +7 trident "Oxyusih" {flame, rF- rC+ rCorr Str+2}
rCold   + . .      Faith    .   h - +0 kite shield
rNeg    . . .      Spirit   .   b - +0 robe
rPois   .          Reflect  .   (helmet restricted)
rElec   .          Harm     .   (no cloak)
rCorr   +          Rampage  .   (gloves unavailable)
Will    .....                   (boots unavailable)
Stlth   +.........              (no amulet)
HPRegen 0.94/turn               (no ring)
MPRegen 0.08/turn               (no ring)

@: confused
A: large, unfitting armour, claws 3, regeneration 1, shaggy fur 1, tough skin 1
a: no special abilities


You were on level 3 of the Dungeon.
You visited 1 branch of the dungeon, and saw 3 of its levels.

You collected 56 gold pieces.

Inventory:

Hand Weapons
 e - the +7 trident "Oxyusih" (weapon) {flame, rF- rC+ rCorr Str+2}
   (You found it on level 4 of the Dungeon)

   It burns those it strikes, dealing additional fire damage.
   Str:       It affects your strength (+2).
   rF:        It makes you vulnerable to fire.
   rC:        It protects you from cold.
   rCorr:     It protects you from acid and corrosion.
 i - a +0 sling
Armour
 b - a +0 robe (worn)
 h - a +0 kite shield (worn)
Wands
 g - a wand of digging (3)
Scrolls
 d - a scroll of magic mapping
 j - 2 scrolls of identify {unknown}
Potions
 a - a potion of lignification {unknown}
 c - a potion of invisibility {unknown}
 f - a potion of curing {unknown}
 k - a potion of haste


   Skills:
 + Level 2.8 Fighting
 + Level 2.0 Maces & Flails
 + Level 1.0 Polearms
 + Level 2.0 Dodging
 + Level 3.3 Stealth


You had 3 spell levels left.
You didn't know any spells.
Your spell library contained the following spells:

 Spells                   Type           Power      Damage    Failure   Level
 Apportation              Tloc           0%         N/A       80%         1
 Necrotise                Necr           0%         1d4       80%         1
 Summon Small Mammal      Summ           0%         N/A       80%         1
 Ignite Poison            Fire/Tmut/Pois 0%         N/A       99%         3
 Mephitic Cloud           Conj/Pois/Air  0%         N/A       99%         3
 Freezing Cloud           Conj/Ice/Air   0%         6-21      100%        5


Dungeon Overview and Level Annotations

Branches:
Dungeon (5/15)
 Temple: D:4-7

Altars:

Annotations:
D:3 Jessica
D:4 Dowan, Duvessa, Edmund, Eustachio, Pargi


Innate Abilities, Weirdness & Mutations

You are too large for most types of armour.
You have claws for hands.
Your natural rate of healing is unusually fast.
You are covered in fur. (AC +1)
You have tough skin. (AC +1)


Message History

You closely miss the rat. The rat bites you but does no damage.
You barely miss the rat. The rat bites you.
The rat bites you but does no damage.
You puncture the rat! You burn the rat.
You kill the rat!
You see here a rat corpse.
A ball python comes into view.
The ball python hisses angrily.
You puncture the ball python! You burn the ball python.
You kill the ball python!
You see here a ball python corpse.
Found a long sword and a hand axe.
You see here a +0 long sword.
You see here a +0 hand axe.
You see here a +0 long sword.
You now have 56 gold pieces (gained 11).
An endoplasm comes into view.
The helpless endoplasm fails to defend itself.
You puncture the endoplasm! You burn the endoplasm.
You kill the endoplasm!
You pick up a book of Cantrips and begin reading...
You add the spells Necrotise, Summon Small Mammal and Apportation to your library.
Jessica the Apprentice Sorceress comes into view.
She is wielding a +7 club and carrying a wand of light (14).
Found an escape hatch in the floor.
Jessica shouts!
Jessica zaps a wand.
The bolt of light hits you!
Jessica casts a spell.
Jessica blinks!
Jessica zaps a wand.
The bolt of light hits you!
You are confused.
You bump into the rock wall.
Jessica gestures wildly while chanting.
Jessica blinks!
Unknown command.
You feel less confused.
Jessica zaps a wand.
The bolt of light hits you!
* * * LOW HITPOINT WARNING * * *
Jessica zaps a wand.
The bolt of light hits you!!
You are confused.
You die...

##.###.######....... ####.# #.#
#.# #....≈≈≈....# #.# #.#
#.#####...≈≈≈≈≈...# #### #.#
#.##.....≈≈...≈≈... #.# #.#
#........≈≈.@.≈≈... #.# #.#
####.....≈≈...≈≈... #.#### #.#
####...≈≈≈≈≈...# #..... #.#
#....≈≈≈....# #.#.## ###.#
##..@......#####.#.## #...#
##.......##.....#...
#.###############...####.#####.##
#.##............##### #.#####.#
.....###########.# #.......#
..#### #.# ####...## ..# #.#
###.# ..# #.# #.# ..# #.# #.#


You could see Jessica.

Vanquished Creatures
  An ogre (D:3)
  An orc (D:3)
  A bat (D:3)
  2 endoplasms (D:3)
  A giant cockroach (D:3)
  A hobgoblin (D:3)
  A jackal (D:4)
  2 ball pythons (D:3)
  A frilled lizard (D:3)
  2 rats (D:3)
13 creatures vanquished.

Notes
Turn   | Place    | Note
-------+----------+-------------------------------------------
     0 | D:5      | xian the Troll Delver began the quest for the Orb.
     0 | D:5      | Reached XP level 1. HP: 22/22 MP: 0/0
   117 | D:5      | Noticed a scorpion
   212 | D:4      | Noticed Eustachio
   218 | D:4      | Noticed Edmund
   234 | D:4      | Noticed Pargi
   238 | D:4      | Identified the +7 trident "Oxyusih" {flame, rF- rC+ rCorr
                  | Str+2}
   265 | D:4      | Noticed a quasit
   296 | D:4      | Noticed an iguana
   318 | D:4      | Noticed Duvessa
   319 | D:4      | Noticed Dowan
   649 | D:3      | Reached XP level 2. HP: 29/29 MP: 1/1
   662 | D:3      | Noticed an ogre
   673 | D:3      | Killed an ogre
   674 | D:3      | Reached skill level 3 in Stealth
   674 | D:3      | Reached XP level 3. HP: 15/36 MP: 2/2
   674 | D:3      | Reached XP level 4. HP: 18/44 MP: 3/3
   705 | D:3      | Reached skill level 1 in Polearms
  1049 | D:3      | Noticed Jessica
  1063 | D:3      | Killed from afar by Jessica

Illustrated notes

Levels and vault maps discovered:
D:3:      layout_loops_ring, tgw_sif
D:4:      layout_cave_pools, mainiacjoe_overflow_tiny_flanked,
          minmay_temple_entry_overgrown, chequers_serial_rivers_room_b,
          uniq_eustachio, uniq_edmund, uniq_pargi, uniq_duvessa, uniq_natasha
D:5:      layout_basic, gammafunk_temple_overflow_elements

Skill      XL: |  1  2  3  4 |
---------------+-------------+-----
Maces & Flails | 2 |  2.0
Dodging        | 2 |  2.0
Stealth        | 3 |  3.3
Polearms       | 1 |  1.0
Fighting       | |  2.8

Action                   |  1- 3 |  4- 6 || total
-------------------------+-------+-------++-------
Melee: Trident           |    17 |     6 ||    23
       Mace              |     3 |       ||     3
  Use: Scroll            |     3 |       ||     3
       Potion            |     1 |       ||     1
 Stab: Sleeping          |     1 |     2 ||     3
Armor: Robe              |    36 |     2 ||    38
Dodge: Dodged            |    45 |       ||    45
Block: Kite shield       |     1 |       ||     1
